 Dungeon Crawl Stone Soup version 0.27-a0-1528-g90fbb72469 (webtiles) character file.

Game seed: 5908827421560496480

91685 Froggeryz the Brawler (level 15, -6/121 HPs)
             Began as a Red Draconian Berserker on July 11, 2021.
             Was a High Priest of Trog.
             Mangled by a cyan ugly thing (15 damage)
             ... while paralysed by Rupert
             ... on level 15 of the Dungeon.
             The game lasted 00:41:16 (34854 turns).

Froggeryz the Brawler (Red Draconian Berserker)    Turns: 34854, Time: 00:41:16

Health: -6/121     AC: 14    Str: 26      XL:     15   Next: 55%
Magic:  15/15      EV:  2    Int:  7 (9)  God:    Trog [*****.]
Gold:   439        SH:  0    Dex: 17      Spells: 14/14 levels left

rFire    + . .     SeeInvis .     - Unarmed
rCold    . . .     Faith    +   P - +0 buckler
rNeg     . . .     Spirit   .   (armour unavailable)
rPois    +         Reflect  .   B - +0 hat
rElec    .         Harm     .   U - +1 cloak {Stlth+}
rCorr    .         Rampage  .   E - +0 pair of gloves
Will     +....                  f - +1 pair of boots
Stlth    +++.......             T - amulet of faith
HPRegen  0.30/turn              h - +6 ring of strength
MPRegen  0.14/turn              v - ring of poison resistance

@: paralysed
A: breathe fire, AC +9, unfitting armour, fire resistance 1, cold-blooded,
hooves 1, clever 1, no potion heal 1
a: Breathe Fire, Renounce Religion, Berserk, Trog's Hand, Brothers in Arms


You were on level 15 of the Dungeon.
You worshipped Trog.
Trog was extremely pleased with you.
You visited 3 branches of the dungeon, and saw 23 of its levels.
You also visited: Volcano.

You collected 2276 gold pieces.
You spent 1837 gold pieces at shops.

Inventory:

Missiles
 l - 5 javelins
 t - 45 boomerangs
 x - 4 curare-tipped darts
 y - 4 throwing nets
 D - 5 atropa-tipped darts
 I - 50 poisoned darts (quivered)
 V - 4 silver boomerangs
Armour
 f - a +1 pair of boots (worn)
 k - a +0 tower shield of protection
 p - a +2 kite shield of protection
 B - a +0 hat (worn)
 E - a +0 pair of gloves (worn)
 P - a +0 buckler (worn)
 U - a +1 cloak of stealth (worn)
Jewellery
 h - a +6 ring of strength (left hand)
 v - a ring of poison resistance (right hand)
 H - an amulet of Duceder {rF++ rN+ Regen+}
   (You took it off a centaur warrior on level 14 of the Dungeon)

   [amulet of regeneration]

   rF:        It greatly protects you from fire.
   rN:        It protects you from negative energy.
   Regen:     It increases your rate of health regeneration.
 T - an amulet of faith (around neck)
Wands
 A - a wand of digging (12)
 G - a wand of flame (28)
 L - a wand of acid (8)
 O - a wand of charming (6)
 Q - a wand of polymorph (7)
 S - a wand of mindburst (18)
Scrolls
 a - 2 scrolls of enchant weapon
 c - 10 scrolls of teleportation
 g - 6 scrolls of identify
 j - a scroll of fog {unknown}
 w - 5 scrolls of immolation
 z - 2 scrolls of enchant armour
 C - a scroll of magic mapping
 F - 2 scrolls of summoning
 K - a scroll of silence
Potions
 b - 7 potions of curing
 d - 2 potions of attraction
 e - 3 potions of ambrosia
 i - a potion of magic
 m - 6 potions of might
 n - 4 potions of flight
 o - 2 potions of cancellation
 q - 2 potions of invisibility
 r - 3 potions of heal wounds
 s - 3 potions of lignification
 u - a potion of experience {unknown}
 J - a potion of haste {unknown}
 M - a potion of resistance
Miscellaneous
 N - a condenser vane


   Skills:
 - Level 8.2 Fighting
 - Level 6.0 Throwing
 - Level 11.6 Dodging
 * Level 15.2 Shields
 - Level 18.0 Unarmed Combat
 - Level 6.0 Evocations


You had 14 spell levels left.
You didn't know any spells.
Your spell library was empty.

Dungeon Overview and Level Annotations

Branches:
Dungeon (15/15)            Temple (0/1) D:7            Lair (6/6) D:9
 Shoals (0/4) Lair:2       Spider (0/4) Lair:3        Slime (0/5) Lair:6
    Orc (2/2) D:11            Elf (0/3) Orc:2        Vaults (0/5) D:14
Volcano (visited)
 Depths: D:15

Altars:
Ashenzari
Cheibriados
Kikubaaqudgha
Ru
Trog
Uskayaw
Vehumet
Zin
The Shining One
Beogh
Jiyva

Shops:
D:5 :   D:10 [*   D:12 (   Orc:2 [**?

Annotations:
D:15 Rupert
Lair:6 1 runed translucent door


Innate Abilities, Weirdness & Mutations

You can breathe blasts of fire.
Your fiery red scales are hard. (AC +9)
You cannot fit into any form of body armour.
Your flesh is heat resistant. (rF+)
You are cold-blooded and may be slowed by cold attacks.
You have large cloven feet.
Your mind is acute. (Int +2)
Potions are less effective at restoring your health.


Message History

The cyan ugly thing misses you.
The cyan ugly thing basks in the mutagenic energy from its kin and changes!
Rupert screams, "Red!
No, blue!"
You closely miss the cyan ugly thing.
You tail-slap the cyan ugly thing, but do no damage.
The cyan ugly thing is moderately wounded.
The cyan ugly thing barely misses you.
The cyan ugly thing completely misses you.
A cyan ugly thing comes into view.
You pummel the cyan ugly thing!!
The cyan ugly thing is severely wounded.
A cyan ugly thing comes into view.
The cyan ugly thing barely misses you.
You punch the cyan ugly thing!
The cyan ugly thing is severely wounded.
The cyan ugly thing pecks you. The cyan ugly thing shocks you!
You pummel the cyan ugly thing!!
You kill the cyan ugly thing!
Trog accepts your kill.
The cyan ugly thing completely misses you.
You hit the cyan ugly thing. You tail-slap the cyan ugly thing.
The cyan ugly thing is lightly wounded.
Rupert roars wildly at you.
You suddenly lose the ability to move!
The cyan ugly thing tentacle-slaps you. The cyan ugly thing shocks you!
Rupert yells loudly at you.
You struggle to resist.
The cyan ugly thing tentacle-slaps you! The cyan ugly thing shocks you!
* * * LOW HITPOINT WARNING * * *
The cyan ugly thing tentacle-slaps you.
* * * LOW HITPOINT WARNING * * *
The cyan ugly thing shocks you!
* * * LOW HITPOINT WARNING * * *
The cyan ugly thing basks in the mutagenic energy from its kin and changes!
Rupert roars wildly at you.
You shrug off the repeated paralysis!
The cyan ugly thing tentacle-slaps you!
* * * LOW HITPOINT WARNING * * *
The cyan ugly thing shocks you!
You die...

..# ...#.. ...
..#.. #.. ....
#.. u.. .. uu
#. u#
#.#.##.#.#
.......@u#####.
#.##.##@.......
#.).......
#.........
#.#######. #.
#. #. ..


You could see Rupert and 5 ugly things.

Vanquished Creatures
  Jorgrun (D:13)
  Frances (D:14)
  Nessos (D:13)
  Snorg (Orc:2)
  A fire dragon (Volcano)
  10 hydras
  An ice dragon (D:11)
  3 boulder beetles
  Harold (D:7)
  A death knight (D:14)
  An ice dragon (shapeshifter) (D:12)
  4 centaur warriors
  A catoblepas (Lair:6)
  2 dancing weapons (D:14)
  6 two-headed ogres
  5 death yaks (Lair:6)
  A deep troll shaman (Lair:6)
  A hell hog (Volcano)
  The ghost of Conn the Arsonist, a novice OpFE of Sif Muna (D:10)
  Sonja (D:12)
  2 deep elf pyromancers
  An orc knight (Orc:2)
  Pikel (D:4)
  6 manticores
  14 ugly things
  An oklob plant (Lair:5)
  2 cyclopes
  12 elephants
  10 black mambas
  An ice statue (Orc:2)
  5 cane toads
  2 molten gargoyles (Volcano)
  A gargoyle (D:12)
  An efreet (D:10)
  A kobold demonologist (D:6)
  3 rime drakes
  9 komodo dragons
  A wind drake (Lair:2)
  3 trolls
  6 polar bears
  Prince Ribbit (D:6)
  21 slime creatures
  24 blink frogs
  A redback (Lair:3)
  6 spriggans (D:10)
  A shadow (D:11)
  5 wyverns
  A vampire (D:10)
  A water elemental (D:14)
  33 yaks
  Eustachio (D:4)
  5 fire bats
  5 basilisks
  7 vampire mosquitoes
  3 steam dragons
  Menkaure (D:4)
  2 wargs
  3 acid dragons
  15 water moccasins
  2 hell hounds (Volcano)
  Duvessa (D:5)
  A sky beast (D:7)
  An ice beast (D:7)
  8 black bears
  39 orc warriors
  2 necrophages
  20 wolves
  The ghost of twist the Magician, an amateur DjIE (D:3)
  4 ogres
  A phantom (D:6)
  9 centaurs
  A lemure (D:4)
  A kobold brigand (D:10)
  Dowan (D:5)
  13 bullfrogs
  A water moccasin zombie (D:6)
  2 wyvern zombies
  4 scorpions
  6 killer bees
  9 howler monkeys
  12 wights
  8 electric eels
  2 bullfrog zombies
  4 centaur zombies
  6 lava snakes (Volcano)
  3 hounds
  2 jellies
  Crazy Yiuf (D:5)
  A gnoll shaman (D:8)
  17 orc priests
  2 bullfrog skeletons
  19 orc wizards
  4 iguanas
  7 hell rats (Lair:4)
  5 howler monkey zombies
  11 gnolls
  8 adders
  2 white imps
  An ufetubus (D:6)
  2 adder skeletons (D:4)
  2 worms (D:3)
  3 dart slugs
  74 orcs
  7 ball pythons
  4 bats
  8 endoplasms
  3 giant cockroaches
  6 goblins
  3 hobgoblins
  2 jackals (D:1)
  8 kobolds
  A quokka (D:4)
  2 frilled lizards
  2 rats
631 creatures vanquished.

Vanquished Creatures (collateral kills)
  A boulder beetle (D:14)
  An orc wizard (D:8)
  An orc (D:8)
  A goblin (D:14)
4 creatures vanquished.

Vanquished Creatures (others)
  A basilisk (D:9)
  An orc (D:6)
  22 fungi
  92 plants
116 creatures vanquished.

Grand Total: 751 creatures vanquished

Notes
Turn   | Place    | Note
-------+----------+-------------------------------------------
     0 | D:1      | Froggeryz the Draconian Berserker began the quest for the
                  | Orb.
     0 | D:1      | Reached XP level 1. HP: 19/19 MP: 1/1
   366 | D:1      | Reached XP level 2. HP: 24/26 MP: 2/2
   431 | D:1      | Found a faded altar of an unknown god.
   972 | D:2      | Reached XP level 3. HP: 31/31 MP: 3/3
  1789 | D:3      | Reached skill level 4 in Unarmed Combat
  1836 | D:3      | Found a runed translucent door.
  1836 | D:3      | Noticed twist's ghost (amateur DjIE)
  1851 | D:3      | Reached ** piety under Trog
  1872 | D:3      | Reached XP level 4. HP: 38/38 MP: 4/4
  1897 | D:3      | Killed twist's ghost
  1898 | D:3      | Reached XP level 5. HP: 45/45 MP: 5/5
  2072 | D:3      | Found a broken altar of Ashenzari.
  2578 | D:4      | Reached skill level 5 in Unarmed Combat
  2660 | D:4      | Noticed an ogre
  2668 | D:4      | Killed an ogre
  2669 | D:4      | Reached XP level 6. HP: 42/51 MP: 6/6
  2827 | D:4      | Reached skill level 5 in Dodging
  2828 | D:4      | Noticed Menkaure
  2835 | D:4      | Killed Menkaure
  3187 | D:4      | Reached skill level 6 in Unarmed Combat
  3187 | D:4      | Your scales start taking on a fiery red colour.
  3187 | D:4      | Reached XP level 7. HP: 42/57 MP: 7/7
  3187 | D:4      | Gained mutation: Your flesh is heat resistant. (rF+) [Red
                  | Draconian growth]
  3390 | D:4      | Noticed Pikel
  3409 | D:4      | Killed Pikel
  3410 | D:4      | Reached skill level 7 in Unarmed Combat
  3718 | D:4      | Noticed Eustachio
  3841 | D:4      | Killed Eustachio
  3842 | D:4      | Reached XP level 8. HP: 52/63 MP: 8/8
  4037 | D:5      | Entered Level 5 of the Dungeon
  4073 | D:5      | Noticed Duvessa
  4076 | D:5      | Reached *** piety under Trog
  4077 | D:5      | Noticed Dowan
  4343 | D:5      | Killed Duvessa
  4351 | D:5      | Reached skill level 1 in Throwing
  4356 | D:5      | Killed Dowan
  4357 | D:5      | Reached skill level 8 in Unarmed Combat
  4713 | D:5      | Found a runed translucent door.
  4714 | D:5      | Noticed Crazy Yiuf
  4780 | D:5      | Found Duuh's Self-Improvement Boutique.
  4854 | D:5      | Killed Crazy Yiuf
  4938 | D:5      | Reached skill level 9 in Unarmed Combat
  5235 | D:6      | Reached XP level 9. HP: 65/70 MP: 9/9
  5259 | D:6      | Found a large runed translucent door.
  5266 | D:6      | Found a large runed translucent door.
  5294 | D:6      | Noticed a kobold demonologist
  5305 | D:6      | Noticed a smoke demon
  5306 | D:6      | Killed a kobold demonologist
  5376 | D:6      | Found an ancient bone altar of Kikubaaqudgha.
  5557 | D:6      | Found a snail-covered altar of Cheibriados.
  5557 | D:6      | Found a glowing golden altar of the Shining One.
  5564 | D:6      | Found a hide-covered altar of Uskayaw.
  5595 | D:6      | Noticed Prince Ribbit
  5604 | D:6      | Killed Prince Ribbit
  5846 | D:6      | Reached skill level 10 in Unarmed Combat
  5938 | D:6      | Found a glowing silver altar of Zin.
  5943 | D:6      | Found a radiant altar of Vehumet.
  6152 | D:7      | Identified the +4 leather armour "Put-Me-On" {Rampage
                  | Will++ Dex+3 Stlth+}
  6258 | D:7      | Found a staircase to the Ecumenical Temple.
  6322 | D:7      | Noticed Harold
  6334 | D:7      | Killed Harold
  6335 | D:7      | Reached skill level 5 in Fighting
  6335 | D:7      | Reached skill level 5 in Throwing
  6335 | D:7      | Reached XP level 10. HP: 71/81 MP: 10/10
  6403 | D:7      | Reached skill level 11 in Unarmed Combat
  6719 | D:7      | Reached **** piety under Trog
  7807 | D:8      | Noticed a two-headed ogre
  7814 | D:8      | Killed a two-headed ogre
  8826 | D:9      | Found a staircase to the Lair.
  8838 | D:9      | Reached skill level 12 in Unarmed Combat
  9277 | D:9      | Reached XP level 11. HP: 78/92 MP: 11/11
  9370 | D:9      | Reached ***** piety under Trog
  9805 | D:9      | Noticed a two-headed ogre
  9812 | D:9      | Killed a two-headed ogre
 10242 | Lair:1   | Entered Level 1 of the Lair of Beasts
 10324 | Lair:1   | Reached skill level 13 in Unarmed Combat
 12420 | Lair:2   | Noticed an eight-headed hydra
 12738 | Lair:2   | Found a staircase to the Shoals.
 13018 | Lair:1   | Reached skill level 14 in Unarmed Combat
 13575 | Lair:2   | Killed an eight-headed hydra
 13818 | Lair:3   | Reached XP level 12. HP: 64/102 MP: 12/12
 13829 | Lair:3   | Found a dark tunnel.
 13838 | Volcano  | Entered a volcano
 14501 | Volcano  | Found a burning altar of Makhleb.
 14501 | Volcano  | Noticed a hell hog
 14508 | Volcano  | Killed a hell hog
 14508 | Volcano  | Received a gift from Trog
 14565 | Volcano  | Noticed a fire dragon
 14572 | Volcano  | Killed a fire dragon
 14706 | Volcano  | Reached skill level 15 in Unarmed Combat
 15183 | Lair:3   | Noticed an eight-headed hydra
 15194 | Lair:3   | Killed an eight-headed hydra
 15574 | Lair:3   | Found a hole to the Spider Nest.
 16323 | Lair:4   | Noticed a seven-headed hydra
 16334 | Lair:4   | Killed a seven-headed hydra
 16478 | Lair:4   | Reached skill level 10 in Dodging
 16769 | Lair:4   | Reached skill level 16 in Unarmed Combat
 16857 | Lair:4   | Noticed a five-headed hydra
 16866 | Lair:4   | Killed a five-headed hydra
 17363 | Lair:4   | Found the +9 sword of Zonguldrok {reap}
 17370 | Lair:4   | Reached XP level 13. HP: 94/107 MP: 13/13
 19046 | Lair:5   | Reached skill level 1 in Evocations
 19477 | Lair:5   | Found the +2 robe of Vines {NoPotionHeal Regen+++}
 20149 | Lair:6   | Entered Level 6 of the Lair of Beasts
 20166 | Lair:6   | Reached skill level 17 in Unarmed Combat
 20263 | Lair:6   | HP: 4/107 [blink frog (11)]
 21347 | Lair:6   | Reached skill level 5 in Evocations
 21681 | Lair:6   | Reached XP level 14. HP: 89/115 MP: 14/14
 22163 | Lair:6   | Found a runed translucent door.
 22164 | Lair:6   | Found a viscous altar of Jiyva.
 22164 | Lair:6   | Noticed an azure jelly
 22164 | Lair:6   | Noticed an azure jelly
 22564 | Lair:6   | Found a staircase to the Slime Pits.
 23424 | D:10     | Entered Level 10 of the Dungeon
 23433 | D:10     | Found Cumawk's Antique Armour Boutique.
 23613 | D:10     | Bought a buckler for 121 gold pieces
 23697 | D:10     | Received a gift from Trog
 23786 | D:10     | Reached skill level 1 in Shields
 23898 | D:10     | Reached skill level 18 in Unarmed Combat
 24838 | D:10     | Found Isorymm's Lightly-Used Armoury.
 25174 | D:10     | Found a sacrificial altar of Ru.
 25269 | D:10     | Found a runed translucent gate.
 25269 | D:10     | Noticed Conn's ghost (novice OpFE)
 25272 | D:10     | Found a runed translucent gate.
 25272 | D:10     | Found a runed translucent gate.
 25448 | D:10     | Killed Conn's ghost
 26004 | D:11     | Found a staircase to the Orcish Mines.
 26418 | D:11     | Received a gift from Trog
 26436 | D:11     | Reached skill level 5 in Shields
 27002 | Orc:1    | Entered Level 1 of the Orcish Mines
 27284 | Orc:2    | Entered Level 2 of the Orcish Mines
 27284 | Orc:2    | Found a staircase to the Elven Halls.
 27288 | Orc:2    | Noticed Snorg
 27306 | Orc:2    | Killed Snorg
 27752 | Orc:2    | Found a bloodstained altar of Trog.
 29164 | Orc:2    | Found Inkip's General Store.
 29164 | Orc:2    | Found Qotuhep's General Store.
 29166 | Orc:2    | Found Anumasus's Magic Scroll Boutique.
 29168 | Orc:2    | Found Geociad Mite's Antique Armour Shoppe.
 29179 | Orc:2    | Bought a scroll of teleportation for 36 gold pieces
 29181 | Orc:2    | Bought a scroll of acquirement for 728 gold pieces
 29181 | Orc:2    | Bought a scroll of acquirement for 728 gold pieces
 29187 | Orc:2    | Acquired a +2 kite shield of protection
 29189 | Orc:2    | Acquired a manual of Shields
 29620 | Orc:1    | Reached ****** piety under Trog
 29645 | Orc:1    | Received a gift from Trog
 29826 | Orc:2    | Bought an embroidered scarf for 224 gold pieces
 30396 | D:12     | Found Jyfiopodd's Weapon Shoppe.
 30667 | D:12     | Noticed Sonja
 30673 | D:12     | Killed Sonja
 30832 | D:12     | Reached skill level 10 in Shields
 31216 | D:13     | Noticed Jorgrun
 31226 | D:13     | Killed Jorgrun
 31227 | D:13     | Reached XP level 15. HP: 121/121 MP: 15/15
 31755 | D:13     | Noticed Nessos
 31759 | D:13     | Killed Nessos
 32485 | D:14     | Identified an amulet of Duceder {rF++ rN+ Regen+}
 32830 | D:13     | Acquired a +0 tower shield of protection
 33161 | D:14     | Found a gate to the Vaults.
 33673 | D:14     | Noticed Frances
 33739 | D:14     | Received a gift from Trog
 34238 | D:14     | Gained mutation: You sometimes lose the ability to read
                  | scrolls when taking damage. [a neqoxec]
 34246 | D:14     | Killed Frances
 34255 | D:14     | Lost mutation: You sometimes lose the ability to read
                  | scrolls when taking damage. [potion of mutation]
 34255 | D:14     | Gained mutation: You are covered in fur. (AC +1) [potion of
                  | mutation]
 34255 | D:14     | Gained mutation: You have sharp toenails. [potion of
                  | mutation]
 34256 | D:14     | Lost mutation: You have sharp toenails. [potion of
                  | mutation]
 34256 | D:14     | Lost mutation: You are covered in fur. (AC +1) [potion of
                  | mutation]
 34256 | D:14     | Gained mutation: You are clumsy. (Dex -2) [potion of
                  | mutation]
 34257 | D:14     | Lost mutation: You are clumsy. (Dex -2) [potion of
                  | mutation]
 34257 | D:14     | Gained mutation: You are agile. (Dex +2) [potion of
                  | mutation]
 34257 | D:14     | Gained mutation: Potions are less effective at restoring
                  | your health. [potion of mutation]
 34299 | D:14     | Reached skill level 15 in Shields
 34333 | D:14     | Lost mutation: You are agile. (Dex +2) [potion of mutation]
 34333 | D:14     | Gained mutation: Your mind is acute. (Int +2) [potion of
                  | mutation]
 34333 | D:14     | Gained mutation: You have large cloven feet. [potion of
                  | mutation]
 34835 | D:15     | Entered Level 15 of the Dungeon
 34840 | D:15     | Noticed Rupert
 34850 | D:15     | Paralysed by Rupert for 4 turns
 34854 | D:15     | Mangled by a cyan ugly thing

Illustrated notes

Levels and vault maps discovered:
D:1:      onia_arrival_mini_spirals, layout_basic,
          ebering_ecumenical_altar_abandoned
D:2:      layout_rooms
D:3:      cheibrodos_old_hovel, layout_loops_cross,
          nicolae_overflow_hidden_temple, hellmonk_ghost_happy_afterlife,
          minmay_large_rounded_square
D:4:      layout_cave_pools, minmay_misc_feat_x, minmay_increasing_density,
          uniq_eustachio, uniq_pikel, uniq_menkaure
D:5:      layout_rooms, nicolae_shop_self_help, uniq_crazy_yiuf_cottage,
          uniq_duvessa
D:6:      layout_rooms, gammafunk_temple_overflow_forgotten,
          jmf_multi_god_temple2, kennysheep_mini_moat, uniq_prince_ribbit1
D:7:      layout_cave_pods, minmay_temple_entry_proselytizer,
          minmay_misc_feat_enclosed, uniq_harold
D:8:      layout_cave_pools, chequers_avenue, minmay_misc_feat_nine_boxes,
          minmay_bent
D:9:      layout_loops_ring, minmay_lair_entry_grove, nrook_pool_corridor
D:10:     kb_forest_paths, layout_basic, nicolae_ru_the_path_less_chosen,
          serial_shops, shop, biasface_ghost_orc_armoury, minmay_shop_damaged
D:11:     layout_basic, hiddenorc1_lemuel,
          portal_ice_cave_entry_animals_and_master
D:12:     minmay_clustersquares, layout_rooms, serial_shops,
          nicolae_inconvenience_store, uniq_sonja
D:13:     layout_gridville, uniq_nessos, uniq_jorgrun
D:14:     layout_rooms, erik_vaults_1, hangedman_decor_clover_reticule,
          enter_bailey_3, chequers_serial_rivers_small_b, serial_bayou_lagoon_a,
          uniq_frances
D:15:     gammafunk_depths_entry_grave, layout_loops_cross,
          hangedman_decor_opposing, uniq_rupert, uniq_kirke, uniq_azrael
Lair:1:   layout_chaotic_city, serial_bayou_shore_b
Lair:2:   layout_regular_city, minmay_shoals_entry_beasts, minivault_11
Lair:3:   layout_regular_city, spider_nest_entry_webs,
          nicolae_volcano_entry_batcave, chequers_serial_rivers_micro_b,
          beast_lair_carwin_5
Lair:4:   beast_lair_carwin_large_2, layout_loops_ring,
          eino_small_chamber_without_monster, nicolae_quartered_pool_medium
Lair:5:   layout_roguey, hellmonk_guarded_unrand_vines, serial_bayou_shore_a
Lair:6:   grunt_lair_end_beastmaster, layout_gridlike, slime_altar_2,
          infiniplex_staircase_pool_2, lemuel_fruit_tree
Orc:1:    layout_diamond_mine, statue_in_the_mist_lemuel
Orc:2:    st_orc_rangers, layout_caves, lemuel_statue_altar, uniq_snorg

Skill      XL: |  1  2  3  4  5  6  7  8  9 10 11 12 13 14 15 |
---------------+----------------------------------------------+-----
Dodging        | 3 4 5 6 7 8 10 11 | 11.6
Unarmed Combat | 4 5 6 7 9 10 12 14 16 17 18 | 18.0
Throwing       | 2 5 6 |  6.0
Fighting       | 5 7 8 |  8.2
Evocations     | 5 6 |  6.0
Shields        | 11 15 | 15.2

Action                   |  1- 3 |  4- 6 |  7- 9 | 10-12 | 13-15 || total
-------------------------+-------+-------+-------+-------+-------++-------
Melee: Unarmed           |   122 |    83 |   254 |   701 |  1254 ||  2414
       Tailslap          |    15 |    16 |    46 |   138 |   259 ||   474
       Punch             |       |     3 |    18 |    61 |    75 ||   157
Throw: Javelin           |       |     3 |     2 |       |       ||     5
       Boomerang         |       |       |     4 |     8 |     3 ||    15
       Dart              |       |       |       |     3 |    40 ||    43
       Throwing net      |       |       |       |     1 |       ||     1
Invok: Berserk           |       |     4 |     6 |    15 |    11 ||    36
       Trog's Hand       |       |     1 |     1 |     4 |     9 ||    15
       Brothers in Arms  |       |       |       |       |     1 ||     1
 Abil: Breathe Fire      |       |       |    14 |    10 |     7 ||    31
Evoke: Wand              |       |       |       |    10 |    21 ||    31
  Use: Scroll            |       |     3 |       |    15 |    17 ||    35
       Potion            |       |       |       |     4 |     8 ||    12
 Stab: Sleeping          |     2 |     1 |       |     2 |     2 ||     7
       Distracted        |       |       |     1 |     1 |       ||     2
       Petrified         |       |       |       |     2 |       ||     2
       Held in net/web   |       |       |       |     1 |       ||     1
Armor: Skin              |    38 |    12 |    76 |   178 |   264 ||   568
Dodge: Dodged            |    84 |    40 |   196 |   558 |   890 ||  1768
Block: Buckler           |       |       |       |       |   217 ||   217

Table legend: (Time is in decaauts)
 A = Elapsed time spent in this place.
 B = Non-inter-level travel time spent in this place.
 C = Inter-level travel time spent in this place.
 D = Time resting spent in this place.
 E = Time spent auto-exploring this place.
 F = Levels seen in this place.
 G = Mean time per level.
                   A        B        C        D        E       F      G
               +--------+--------+--------+--------+--------+-----+--------+
         Total |  34594 |  33562 |   1032 |   9761 |  18759 |  24 | 1441.4 |
       Dungeon |  18666 |  18052 |    614 |   4305 |  11046 |  15 | 1244.4 |
          Lair |  12210 |  11910 |    300 |   3590 |   6833 |   6 | 2035.0 |
  Orcish Mines |   2828 |   2711 |    117 |   1342 |    879 |   2 | 1414.0 |
       Volcano |    888 |    888 |      0 |    523 |      0 |   1 |  888.0 |
               +--------+--------+--------+--------+--------+-----+--------+

Top non-repeatable levels by time:
  Lair:1: 2810 daAuts
  Lair:6: 2388 daAuts
  Lair:4: 2226 daAuts
    D:10: 2212 daAuts
    D:13: 1811 daAuts
    D:14: 1771 daAuts
   Orc:1: 1731 daAuts
  Lair:5: 1723 daAuts
  Lair:3: 1713 daAuts
     D:8: 1612 daAuts
     D:4: 1462 daAuts
     D:7: 1432 daAuts
  Lair:2: 1348 daAuts
    D:11: 1311 daAuts
    D:12: 1267 daAuts
